 Dungeon Crawl Stone Soup version 0.23.0-3-gf3c87f2 (webtiles) character file.

Game seed: 18418795463581471468

49 Borgoz the Sneak (level 3, 0/26 HPs)
             Began as a Ghoul Enchanter on Feb 24, 2019.
             Slain by a bullfrog (6 damage)
             ... on level 2 of the Dungeon.
             The game lasted 00:03:25 (1265 turns).

Borgoz the Sneak (Ghoul Enchanter)                  Turns: 1265, Time: 00:03:26

Health: 0/26       AC:  6    Str: 11    XL:     3   Next: 77%
Magic:  4/5        EV: 12    Int: 10    God:
Gold:   158        SH:  0    Dex: 10    Spells: 5/6 levels left

rFire    . . .     SeeInvis .   a - +1 dagger
rCold    + . .     Gourm    .   (no shield)
rNeg     + + +     Faith    .   j - +0 leather armour
rPois    ∞         Spirit   .   l - +0 helmet
rElec    .         Reflect  .   e - +0 cloak
rCorr    .         Harm     .   k - +0 pair of gloves
MR       .....                  (no boots)
Stlth    ++........             (no amulet)
HPRegen  0.00/turn              (no ring)
MPRegen  0.09/turn              (no ring)

@: rotting
A: rotting body, claws 1, carnivore, cold resistance 1, negative energy
resistance 3, inhibited regeneration, torment resistance, unbreathing
a: no special abilities


You were on level 2 of the Dungeon.
You were not hungry.

You visited 1 branch of the dungeon, and saw 2 of its levels.

You collected 158 gold pieces.

Inventory:

Hand Weapons
 a - a +1 dagger (weapon)
Armour
 e - a +0 cloak (worn)
 j - a +0 leather armour (worn)
 k - a +0 pair of gloves (worn)
 l - a +0 helmet (worn)
Scrolls
 b - a scroll of fear {unknown}
 c - a scroll of amnesia {unknown}
 f - a scroll of teleportation {unknown}
 g - a scroll of identify {unknown}
 h - 2 scrolls of immolation {unknown}
Comestibles
 d - a ration
 i - a chunk of flesh


   Skills:
 * Level 1.8 Short Blades
 * Level 2.5 Dodging
 + Level 3.7 Stealth
 + Level 2.0 Spellcasting
 - Level 2.4 Hexes


You had 5 spell levels left.
You knew the following spells:

 Your Spells              Type           Power        Failure   Level  Hunger
a - Corona                Hex            #......      16%         1    ##.....

Your spell library contained the following spells:

 Spells                   Type           Power        Failure   Level  Hunger
 Ensorcelled Hibernation  Hex/Ice        #.....       36%         2    ###....
 Confuse                  Hex            #.......     41%         3    ####...
 Tukima's Dance           Hex            #.......     41%         3    ####...
 Dazzling Spray           Conj/Hex       #.....       58%         3    ####...


Dungeon Overview and Level Annotations

Branches:
Dungeon (2/15)

Altars:


Innate Abilities, Weirdness & Mutations

Your body is rotting away.
You thrive on raw meat.
You are immune to poison.
You have sharp fingernails.
You are carnivorous and can eat meat at any time.
Your flesh is cold resistant. (rC+)
You are immune to negative energy. (rN+++)
You do not regenerate when monsters are visible.
You are immune to unholy pain and torment.
You can survive without breathing.


Message History

The bullfrog is outlined in light.
The bullfrog misses you. The bullfrog barely misses you.
You hit the bullfrog.
The bullfrog is moderately wounded.
The bullfrog hits you but does no damage.
You hit the bullfrog but do no damage.
The bullfrog is moderately wounded.
The bullfrog barely misses you. The bullfrog hits you.
You closely miss the bullfrog.
The bullfrog is moderately wounded.
The bullfrog hits you!
You are too injured to fight recklessly!
You hit the bullfrog.
The bullfrog is moderately wounded.
The bullfrog hits you.
* * * LOW HITPOINT WARNING * * *
You barely miss the bullfrog.
The bullfrog is moderately wounded.
The bullfrog hits you.
You die...

#..###.##.#.#....#
. ......#....#.#
........#..###.#
#.##.#.##..# #.#
#..........###.#
......^........#
..............##
......<.F......#
....##.#@....[##
#........#.##.#
.......#......#
#..........##.#
....#..#.### .#
#.# #....# ......#
#.##.#.# ... ..#.#


You could see a bullfrog.

Vanquished Creatures
  An ooze (D:1)
  2 dart slugs (D:1)
  3 leopard geckos (D:1)
  4 bats
  A giant cockroach (D:1)
  2 goblins
  5 hobgoblins (D:1)
  4 jackals (D:1)
  2 kobolds (D:1)
  2 ball pythons (D:1)
  4 frilled lizards
  7 rats (D:1)
37 creatures vanquished.

Notes
Turn   | Place    | Note
-------+----------+-------------------------------------------
     0 | D:1      | Borgoz the Ghoul Enchanter began the quest for the Orb.
     0 | D:1      | Reached XP level 1. HP: 14/14 MP: 2/2
    83 | D:1      | Reached skill level 1 in Short Blades
   145 | D:1      | Reached XP level 2. HP: 3/20 MP: 3/3
   690 | D:1      | Reached XP level 3. HP: 25/26 MP: 4/4
  1253 | D:2      | Noticed a bullfrog
  1265 | D:2      | Slain by a bullfrog

Skill      XL: |  1  2  3 |
---------------+----------+-----
Short Blades   | 1 |  1.8
Dodging        | 2 |  2.5
Spellcasting   | 2 |  2.0
Stealth        | |  3.7
Hexes          | |  2.4

Action                   || total
-------------------------++-------
Melee: Dagger            ||   183
 Cast: Corona            ||     2
 Stab: Sleeping          ||     2
  Eat: Chunk             ||    16
Armor: Robe              ||    21
       Leather armour    ||    32
Dodge: Dodged            ||   135
